| TOP OF THE 1ST |
|
University of South Carolina Gamecocks batting - Pitching for Rice University Owls : RHP Bror Wuopio
|
|
Pitching: RHP Bror Wuopio
|
|
|
Batting: RHB Mike Chiquete
|
0-0: Called Strike 0-1: Ball 1-1: Swinging Strike 1-2: Strikes out swinging, 2-3 out at first.
|
|
Batting: RHB Emanuel Estrada
|
0-0: Foul Ball, location: 2F 0-1: Ball 1-1: Ball 2-1: Ground out 6-3 (Groundball, 56, EV 106.9 MPH)
|
|
Batting: RHB Mike Berzins
|
0-0: Ground out 5-3 (Groundball, 5S, EV 82.5 MPH)
|
| Top of the 1st over - 0 runs, 0 hits, 0 errors, 0 left on base; University of South Carolina 0 - Rice University 0 |
| BOTTOM OF THE 1ST |
|
Rice University Owls batting - Pitching for University of South Carolina Gamecocks : RHP Jose Clemente
|
|
Pitching: RHP Jose Clemente
|
|
|
Batting: SHB Yu-hsui Lew
|
0-0: Ball 1-0: Ball 2-0: Called Strike 2-1: Ground out 3-1 (Groundball, 34, EV 107.5 MPH)
|
|
Batting: LHB Eddie Lemus
|
0-0: Ball 1-0: Ground out 4-3 (Groundball, 4, EV 77.5 MPH)
|
|
Batting: RHB Fred Saxton
|
0-0: Foul Ball, location: 2F 0-1: Fly out, F4 (Popup, 34, EV 58.1 MPH)
|
| Bottom of the 1st over - 0 runs, 0 hits, 0 errors, 0 left on base; University of South Carolina 0 - Rice University 0 |
| TOP OF THE 2ND |
|
University of South Carolina Gamecocks batting - Pitching for Rice University Owls : RHP Bror Wuopio
|
|
Batting: RHB Jim Smallwood
|
0-0: Ball 1-0: Called Strike 1-1: Ball 2-1: Fly out, F6 (Popup, 6, EV 82.5 MPH)
|
|
Batting: RHB Danny Rodriguez
|
0-0: Ball 1-0: Foul Ball, location: 2F 1-1: Ball 2-1: Ball 3-1: Fly out, F7 (Flyball, 7D, EV 111.9 MPH)
|
|
Batting: LHB Bruce Daley
|
0-0: Ground out 3-1 (Groundball, 34, EV 101.2 MPH)
|
| Top of the 2nd over - 0 runs, 0 hits, 0 errors, 0 left on base; University of South Carolina 0 - Rice University 0 |
| BOTTOM OF THE 2ND |
|
Rice University Owls batting - Pitching for University of South Carolina Gamecocks : RHP Jose Clemente
|
|
Batting: LHB David Coatney
|
0-0: Foul Ball, location: 2F 0-1: SINGLE (Groundball, 4MD, EV 101.2 MPH) (infield hit)
|
|
Batting: RHB Russ Kennett
|
0-0: Ball 1-0: Foul Ball, location: 2F 1-1: Foul Ball, location: 2F 1-2: Foul Ball, location: 2F 1-2: Fielders Choice at 2nd, 6-4 (Groundball, 6MD, EV 103.1 MPH)
|
|
Batting: SHB Roderick Speed
|
0-0: Ball 1-0: Foul Ball, location: 2F 1-1: Foul Ball, location: 2F 1-2: Strikes out swinging
|
|
Batting: RHB Carlos Saldivar
|
0-0: Ball Russ Kennett is caught stealing 2nd base 2-4
|
| Bottom of the 2nd over - 0 runs, 1 hit, 0 errors, 0 left on base; University of South Carolina 0 - Rice University 0 |
| TOP OF THE 3RD |
|
University of South Carolina Gamecocks batting - Pitching for Rice University Owls : RHP Bror Wuopio
|
|
Batting: RHB Pablo Henriquez
|
0-0: Ground out 5-3 (Groundball, 56S, EV 83.8 MPH)
|
|
Batting: RHB Christopher Arnett
|
0-0: Ball 1-0: Ball 2-0: Fly out, F7 (Flyball, 7D, EV 95.6 MPH)
|
|
Batting: LHB Alex Vazquez
|
0-0: Ball 1-0: Ball 2-0: Ball 3-0: Called Strike 3-1: Ground out 4-3 (Groundball, 4, EV 85.6 MPH)
|
| Top of the 3rd over - 0 runs, 0 hits, 0 errors, 0 left on base; University of South Carolina 0 - Rice University 0 |
| BOTTOM OF THE 3RD |
|
Rice University Owls batting - Pitching for University of South Carolina Gamecocks : RHP Jose Clemente
|
|
Batting: RHB Carlos Saldivar
|
0-0: Called Strike 0-1: Swinging Strike 0-2: Ball 1-2: Foul Ball, location: 2F 1-2: Strikes out swinging
|
|
Batting: RHB Yu-zeng Mai
|
0-0: Foul Ball, location: 2F 0-1: Ball 1-1: Fly out, F9 (Flyball, 89M, EV 89.4 MPH)
|
|
Batting: LHB Willie Marquez
|
0-0: Called Strike 0-1: SINGLE (Line Drive, 8LS, EV 107.5 MPH)
|
|
Batting: SHB Yu-hsui Lew
|
0-0: Ball 1-0: Ball 2-0: Fielders Choice at 2nd, 6-4 (Groundball, 6, EV 88.1 MPH)
|
| Bottom of the 3rd over - 0 runs, 1 hit, 0 errors, 1 left on base; University of South Carolina 0 - Rice University 0 |
| TOP OF THE 4TH |
|
University of South Carolina Gamecocks batting - Pitching for Rice University Owls : RHP Bror Wuopio
|
|
Batting: RHB Mike Chiquete
|
0-0: Fly out, F9 (Flyball, 9LD, EV 108.1 MPH)
|
|
Batting: RHB Emanuel Estrada
|
0-0: Ball 1-0: Fly out, F7 (Line Drive, 78M, EV 93.1 MPH)
|
|
Batting: RHB Mike Berzins
|
0-0: Called Strike 0-1: Ball 1-1: Swinging Strike 1-2: Strikes out swinging
|
| Top of the 4th over - 0 runs, 0 hits, 0 errors, 0 left on base; University of South Carolina 0 - Rice University 0 |
| BOTTOM OF THE 4TH |
|
Rice University Owls batting - Pitching for University of South Carolina Gamecocks : RHP Jose Clemente
|
|
Batting: LHB Eddie Lemus
|
0-0: Foul Ball, location: 2F 0-1: Ball 1-1: Foul Ball, location: 2F 1-2: Strikes out swinging
|
|
Batting: RHB Fred Saxton
|
0-0: Ball 1-0: Foul Ball, location: 2F 1-1: Ball 2-1: Ball 3-1: Called Strike 3-2: Fly out, F8 (Flyball, 8LM, EV 90.6 MPH)
|
|
Batting: LHB David Coatney
|
0-0: SINGLE (Line Drive, 5D, EV 98.1 MPH)
|
|
Batting: RHB Russ Kennett
|
0-0: Fielders Choice at 2nd, 5-4 (Groundball, 5L, EV 80.0 MPH)
|
| Bottom of the 4th over - 0 runs, 1 hit, 0 errors, 1 left on base; University of South Carolina 0 - Rice University 0 |
| TOP OF THE 5TH |
|
University of South Carolina Gamecocks batting - Pitching for Rice University Owls : RHP Bror Wuopio
|
|
Batting: RHB Jim Smallwood
|
0-0: Ball 1-0: Foul Ball, location: 2F 1-1: Swinging Strike 1-2: Ball 2-2: Strikes out swinging
|
|
Batting: RHB Danny Rodriguez
|
0-0: Called Strike 0-1: Swinging Strike 0-2: Ball 1-2: Ball 2-2: Foul Ball, location: 2F 2-2: Foul Ball, location: 2F 2-2: SINGLE (Flyball, 6MD, EV 93.1 MPH)
|
|
Batting: LHB Bruce Daley
|
0-0: Called Strike 0-1: Swinging Strike 0-2: Foul Ball, location: 2F 0-2: Foul Ball, location: 2F 0-2: Ball 1-2: Strikes out swinging
|
|
Batting: RHB Pablo Henriquez
|
0-0: Fly out, F3 (Line Drive, 3L, EV 62.5 MPH)
|
| Top of the 5th over - 0 runs, 1 hit, 0 errors, 1 left on base; University of South Carolina 0 - Rice University 0 |
| BOTTOM OF THE 5TH |
|
Rice University Owls batting - Pitching for University of South Carolina Gamecocks : RHP Jose Clemente
|
|
Batting: SHB Roderick Speed
|
0-0: Called Strike 0-1: Swinging Strike 0-2: Strikes out looking
|
|
Batting: RHB Carlos Saldivar
|
0-0: Ball 1-0: Foul Ball, location: 2F 1-1: Foul Ball, location: 2F 1-2: Foul Ball, location: 2F 1-2: Foul Ball, location: 2F 1-2: Foul Ball, location: 2F 1-2: Fly out, F9 (Line Drive, 89M, EV 96.2 MPH)
|
|
Batting: RHB Yu-zeng Mai
|
0-0: Ball 1-0: DOUBLE (Line Drive, 7LS, EV 96.9 MPH)
|
|
Batting: LHB Willie Marquez
|
0-0: Called Strike 0-1: Ground out U3 (Groundball, 3S, EV 91.9 MPH)
|
| Bottom of the 5th over - 0 runs, 1 hit, 0 errors, 1 left on base; University of South Carolina 0 - Rice University 0 |
| TOP OF THE 6TH |
|
University of South Carolina Gamecocks batting - Pitching for Rice University Owls : RHP Bror Wuopio
|
|
Batting: RHB Christopher Arnett
|
0-0: Ball 1-0: Foul Ball, location: 2F 1-1: Ground out 6-3 (Groundball, 6M, EV 99.4 MPH)
|
|
Batting: LHB Alex Vazquez
|
0-0: Foul Ball, location: 2F 0-1: Called Strike 0-2: Ball 1-2: SINGLE (Flyball, 89S, EV 87.5 MPH)
|
|
Batting: RHB Mike Chiquete
|
0-0: Called Strike 0-1: Foul Ball, location: 2F 0-2: Ball 1-2: Ball 2-2: Ball 3-2: SINGLE (Groundball, 56D, EV 110.6 MPH) Alex Vazquez to second
|
|
Batting: RHB Emanuel Estrada
|
0-0: Ball 1-0: Ball 2-0: Fly out, F9 (Flyball, 9S, EV 85.6 MPH)
|
|
Batting: RHB Mike Berzins
|
0-0: Called Strike 0-1: Ball 1-1: Foul Ball, location: 2F 1-2: Reached on error, E6 (Groundball, 6S, EV 76.9 MPH) Alex Vazquez to third Mike Chiquete to second
|
|
Batting: RHB Jim Smallwood
|
0-0: Foul Ball, location: 2F 0-1: Ground out 4-3 (Groundball, 4, EV 83.8 MPH)
|
| Top of the 6th over - 0 runs, 2 hits, 1 error, 3 left on base; University of South Carolina 0 - Rice University 0 |
| BOTTOM OF THE 6TH |
|
Rice University Owls batting - Pitching for University of South Carolina Gamecocks : RHP Jose Clemente
|
|
Batting: SHB Yu-hsui Lew
|
0-0: Ball 1-0: Ball 2-0: Ball 3-0: Base on Balls
|
|
Batting: LHB Eddie Lemus
|
0-0: Called Strike 0-1: Sac Bunt to 2L - play at first, batter OUT! 2-3 Yu-hsui Lew to second
|
|
Batting: RHB Fred Saxton
|
0-0: Ball 1-0: Ball 2-0: Ball 3-0: Swinging Strike 3-1: Base on Balls
|
|
Batting: LHB David Coatney
|
0-0: Ball 1-0: SINGLE (Flyball, 4D, EV 83.1 MPH) Yu-hsui Lew to third Fred Saxton to second
|
|
Batting: RHB Russ Kennett
|
0-0: Ball 1-0: Ball 2-0: Fly out, F4 (Popup, 34, EV 73.8 MPH)
|
|
Batting: SHB Roderick Speed
|
0-0: Ground out 4-3 (Groundball, 34, EV 97.5 MPH)
|
| Bottom of the 6th over - 0 runs, 1 hit, 0 errors, 3 left on base; University of South Carolina 0 - Rice University 0 |
| TOP OF THE 7TH |
|
University of South Carolina Gamecocks batting - Pitching for Rice University Owls : RHP Bror Wuopio
|
|
Pitching: LHP Joel Brown
|
|
|
Batting: RHB Danny Rodriguez
|
0-0: Ball 1-0: Ball 2-0: Ground out 1-3 (Groundball, 13, EV 75.0 MPH)
|
|
Batting: LHB Bruce Daley
|
0-0: Ball 1-0: Fly out, F8 (Line Drive, 8RD, EV 90.0 MPH)
|
|
Batting: RHB Pablo Henriquez
|
0-0: Ball 1-0: Foul Ball, location: 2F 1-1: DOUBLE (Flyball, 89D, EV 100.6 MPH)
|
|
Batting: RHB Christopher Arnett
|
0-0: Called Strike 0-1: Called Strike 0-2: Ball 1-2: Foul Ball, location: 2F 1-2: Foul Ball, location: 2F 1-2: Strikes out swinging
|
| Top of the 7th over - 0 runs, 1 hit, 0 errors, 1 left on base; University of South Carolina 0 - Rice University 0 |
| BOTTOM OF THE 7TH |
|
Rice University Owls batting - Pitching for University of South Carolina Gamecocks : RHP Jose Clemente
|
|
Batting: RHB Carlos Saldivar
|
0-0: Called Strike 0-1: Ball 1-1: Reached on error, E1 (Groundball, 15S, EV 69.4 MPH)
|
|
Batting: RHB Yu-zeng Mai
|
0-0: Fly out, F7 (Flyball, 78M, EV 90.6 MPH)
|
|
Pitching: RHP Takuzo Sato
|
|
|
Batting: LHB Willie Marquez
|
0-0: Ball 1-0: Swinging Strike 1-1: Ball 2-1: Ball 3-1: Called Strike 3-2: Foul Ball, location: 2F 3-2: Foul Ball, location: 2F 3-2: Foul Ball, location: 2F 3-2: Base on Balls
|
|
Batting: SHB Yu-hsui Lew
|
0-0: Called Strike 0-1: Ball 1-1: Swinging Strike 1-2: Ball 2-2: Ball 3-2: Strikes out swinging
|
|
Batting: LHB Eddie Lemus
|
0-0: Ball 1-0: Swinging Strike 1-1: Ball 2-1: Foul Ball, location: 2F 2-2: 3-RUN HOME RUN (Flyball, 89XD, EV 106.2 MPH), Distance : 426 ft
|
|
Batting: RHB Fred Saxton
|
0-0: Ball 1-0: Ground out 6-3 (Groundball, 6MS, EV 65.6 MPH)
|
| Bottom of the 7th over - 3 runs, 1 hit, 1 error, 0 left on base; University of South Carolina 0 - Rice University 3 |
| TOP OF THE 8TH |
|
University of South Carolina Gamecocks batting - Pitching for Rice University Owls : LHP Joel Brown
|
|
Pinch Hitting: RHB Colin Morris
|
0-0: Called Strike 0-1: Ball 1-1: Ball 2-1: Fly out, F8 (Flyball, 8RM, EV 89.4 MPH)
|
|
Batting: RHB Mike Chiquete
|
0-0: Called Strike 0-1: Ball 1-1: Swinging Strike 1-2: Ball 2-2: SINGLE (Groundball, 25, EV 72.5 MPH) (infield hit)
|
|
Pitching: LHP Tony Duque
|
|
|
Batting: RHB Emanuel Estrada
|
0-0: Called Strike 0-1: Ball 1-1: Fielders Choice at 2nd, 5-4 (Groundball, 5, EV 89.4 MPH)
|
|
Batting: RHB Mike Berzins
|
0-0: Ball 1-0: Ball 2-0: Ball 3-0: Called Strike 3-1: Foul Ball, location: 2F 3-2: Base on Balls Emanuel Estrada to second
|
|
Pinch Hitting: LHB Jose Mafano
|
0-0: Ball 1-0: Ball 2-0: Reached on error, E3 (Groundball, 3, EV 85.0 MPH) Emanuel Estrada to third Mike Berzins to second
|
|
Batting: RHB Danny Rodriguez
|
0-0: Ball 1-0: Called Strike 1-1: Foul Ball, location: 2F 1-2: Strikes out looking
|
| Top of the 8th over - 0 runs, 1 hit, 1 error, 3 left on base; University of South Carolina 0 - Rice University 3 |
| BOTTOM OF THE 8TH |
|
Rice University Owls batting - Pitching for University of South Carolina Gamecocks : RHP Takuzo Sato
|
|
Pitching: RHP Silvian Mans
|
|
|
Now at 1B: Colin Morris
|
|
|
Now in RF: Jose Mafano
|
|
|
Batting: LHB David Coatney
|
0-0: SOLO HOME RUN (Flyball, 7D, EV 100.0 MPH), Distance : 386 ft
|
|
Batting: RHB Russ Kennett
|
0-0: Ball 1-0: Fly out, F9 (Flyball, 8RD, EV 96.2 MPH)
|
|
Batting: SHB Roderick Speed
|
0-0: Ball 1-0: Foul Ball, location: 2F 1-1: Ball 2-1: Swinging Strike 2-2: Ball 3-2: SINGLE (Line Drive, 8LS, EV 111.2 MPH)
|
|
Batting: RHB Carlos Saldivar
|
0-0: Swinging Strike 0-1: Ball 1-1: Swinging Strike 1-2: Strikes out swinging
|
|
Batting: RHB Yu-zeng Mai
|
0-0: Ball 1-0: SINGLE (Groundball, 4MD, EV 97.5 MPH) Roderick Speed to second
|
|
Batting: LHB Willie Marquez
|
0-0: DOUBLE (Line Drive, 9LM, EV 107.5 MPH) Roderick Speed scores Yu-zeng Mai to third Runner from 3rd tries for Home, SAFE, throw by RF to trailing runner, OUT at third! 9-3-5
|
| Bottom of the 8th over - 3 runs, 4 hits, 0 errors, 0 left on base; University of South Carolina 0 - Rice University 6 |
| TOP OF THE 9TH |
|
University of South Carolina Gamecocks batting - Pitching for Rice University Owls : LHP Tony Duque
|
|
Batting: RHB Carlos Viera
|
0-0: Ball 1-0: Ball 2-0: Foul Ball, location: 2F 2-1: Foul Ball, location: 2F 2-2: Foul Ball, location: 2F 2-2: Ball 3-2: Strikes out looking
|
|
Batting: RHB Pablo Henriquez
|
0-0: Called Strike 0-1: Ball 1-1: Swinging Strike 1-2: Ball 2-2: Ball 3-2: Foul Ball, location: 2F 3-2: Base on Balls
|
|
Pinch Hitting: RHB Mark Squires
|
0-0: Ball 1-0: Ball 2-0: Ball 3-0: Base on Balls Pablo Henriquez to second
|
|
Batting: RHB Colin Morris
|
0-0: Foul Ball, location: 2F 0-1: Ball 1-1: Ball 2-1: Grounds into double play, 5-4-3 (Groundball, 5, EV 83.8 MPH)
|
| Top of the 9th over - 0 runs, 0 hits, 0 errors, 1 left on base; University of South Carolina 0 - Rice University 6 |
|